 Dungeon Crawl Stone Soup version 0.17.0-22-g5edae84 (webtiles) character file.

35388 septik the Severer (level 13, -3/177 HPs)
             Began as a Minotaur Berserker on Nov 12, 2015.
             Was the Champion of Trog.
             Slain by a death yak (4 damage)
             ... on level 5 of the Lair of Beasts.
             The game lasted 00:47:07 (15307 turns).

septik the Severer (Minotaur Berserker)            Turns: 15307, Time: 00:47:07

Health: -3/177     AC: 30    Str: 25 (26) XL:     13   Next: 47%
Magic:  11/11      EV:  4    Int:  4      God:    Trog [******]
Gold:   1155       SH:  0    Dex: 10 (11) Spells: 0 memorised, 12 levels left

rFire  . . .     SeeInvis .     S - +7 battleaxe (chop)
rCold  . . .     Clarity  +     (armour currently unavailable)
rNeg   + + +     SustAt   .     (shield currently unavailable)
rPois  +         Gourm    .     (helmet currently unavailable)
rElec  .         Spirit   .     (cloak currently unavailable)
rCorr  .         Warding  .     (gloves currently unavailable)
rMut   .         NoTele   +     (boots currently unavailable)
MR     .....                    G - amulet of clarity
Stlth  +.........               N - +3 ring of slaying
                                D - +4 ring of protection

@: lethally poisoned (-3 -> -3), exhausted, tree-form, slowed, very slow, not
resistant to hostile enchantments, very unstealthy
A: (retaliatory headbutt), (horns 0), repulsion field 1, deterioration 1, low mp
2, (electricity resistance)
a: Berserk, Trog's Hand, Brothers in Arms, Burn Spellbooks, Renounce Religion


You were on level 5 of the Lair of Beasts.
You worshipped Trog.
Trog was exalted by your worship.
You were very hungry.
You were a tree.
You visited 5 branches of the dungeon, and saw 22 of its levels.
You also visited: Labyrinth, Sewer and Volcano.

You collected 1155 gold pieces.

Inventory:

Hand Weapons
 u - a +2 executioner's axe of electrocution
 S - a +7 battleaxe of chopping (weapon)
Missiles
 P - 22 tomahawks (quivered)
Armour
 b - a +2 cloak of magic resistance (melded)
 f - a +0 hat of fire resistance (melded)
 g - a +0 plate armour
 x - a +0 pair of boots (melded)
 K - a +2 scale mail of fire resistance (melded)
Rods
 M - a +0 rod of destruction (14/14)
   (You found it on level 6 of the Dungeon)
 Z - a +3 rod of ignition (10/10)
   (You found it in a labyrinth)
Jewellery
 a - an uncursed ring of positive energy
 m - a +5 ring of strength
 D - a +4 ring of protection (left branch)
 G - an amulet of clarity (around neck)
 N - a +3 ring of slaying (right branch)
 X - an uncursed ring of fire
 Y - an uncursed ring of ice
Wands
 n - a wand of fireball (15)
 J - a wand of digging (5)
Scrolls
 i - 5 scrolls of teleportation
 j - 2 scrolls of fog
 o - 4 scrolls of blinking
 r - a scroll of immolation
 v - 2 scrolls of remove curse
 L - 3 scrolls of magic mapping
Potions
 d - 7 potions of curing
 k - 2 potions of agility
 p - 2 potions of might
 t - 5 potions of heal wounds
 H - a potion of cancellation {unknown}
 I - 6 potions of poison {unknown}
 Q - 2 potions of invisibility {unknown}
 V - 2 potions of haste {unknown}
 W - 3 potions of resistance {unknown}
Books
 e - a book of Flames

   Spells                             Type                      Level
   a - Flame Tongue                   Conjuration/Fire             1
   b - Throw Flame                    Conjuration/Fire             2
   c - Conjure Flame                  Conjuration/Fire             3
   d - Inner Flame                    Hexes/Fire                   3
   e - Sticky Flame                   Conjuration/Fire             4
   f - Fireball                       Conjuration/Fire             5
   Trog disapproves of the use of such an item.
Miscellaneous
 s - a lantern of shadows
Comestibles
 c - 13 bread rations
 h - 5 chunks of flesh
 l - 30 fruits


   Skills:
 + Level 12.2 Fighting
 + Level 16.7 Axes
 + Level 12.7 Armour
 + Level 11.4 Dodging
 * Level 3.6 Evocations


You had 12 spell levels left.
You didn't know any spells.

Dungeon Overview and Level Annotations

Branches:
Dungeon (11/15)            Temple (1/1) D:6            Lair (5/8) D:11
 Shoals (1/4) Lair:3       Spider (0/4) Lair:3          Orc (4/4) D:9
    Elf: Orc:3-4

Altars:
Ashenzari
Cheibriados
Dithmenos
Elyvilon
Fedhas
Gozag
Kikubaaqudgha
Makhleb
Nemelex Xobeh
Okawaru
Qazlal
Ru
Sif Muna
Trog
Vehumet
Xom
Yredelemnul
Zin
The Shining One
Beogh

Shops:
D:5 :

Annotations:
Shoals:1 exclusion: oklob plant


Innate Abilities, Weirdness & Mutations

((You reflexively headbutt those who attack you in melee.))
((You have a pair of horns on your head.))
You are surrounded by a mild repulsion field (EV +2).
Your body sometimes deteriorates upon taking damage.
Your magical capacity is very low (-20% MP).
((You are resistant to electric shocks.))


Message History

You slash the death yak!
The death yak is almost dead.
You hit the death yak but do no damage.
The death yak is moderately wounded.
You slash the death yak!
The death yak is almost dead.
The death yak barely misses you. The death yak gores you.
* * * LOW HITPOINT WARNING * * *
The death yak gores you.
* * * LOW HITPOINT WARNING * * *
The death yak gores you but does no damage. x2
You barely miss the death yak.
The death yak is almost dead.
You slice the death yak!!
The death yak is severely wounded.
You hit the death yak but do no damage.
The death yak is almost dead.
* * * LOW HITPOINT WARNING * * *
You feel sick. The death yak gores you.
You die...

#P##..P##.#P.........#.##**,,*
#####..#####.#...PP...#.##,,,*
####..## ##....P..?P#..#,,**
#......# #.#...#.......,,,,*
.......### ##.#...#.†.#,,,,,,*
......##.###.....##..#**,,,,***
.##...##..#..#...P..##**,*,,,,*
.####...........YY†.P#...,,,,**
.#.##..##...#P..♣Y........,,**
...###.#........####.....#,*,*
.....##....P##....*,.....#****
..#..##..#......P..,......#
.#..##.......##.P.P*#.#.#.#
##..###....########**.#####
....# ###.## *** ...## **,*
...# ***


You could see 3 death yaks.

Vanquished Creatures
  A minotaur (Lab)
  A hydra (Lair:5)
  A queen ant (Lair:3)
  3 death yaks (Lair:5)
  An unseen horror (D:7)
  Pikel (D:6)
  A hill giant (D:10)
  The ghost of septik the Grappler, a novice NaFi of Cheibriados (D:5)
  2 ugly things (D:11)
  An orc sorcerer (Orc:2)
  2 orc knights
  The ghost of puimuR the Cleaver, a novice DsBe of Trog (D:8)
  A griffon (Lair:3)
  3 elephants (Lair:1)
  7 spiny frogs
  3 black mambas
  6 komodo dragons
  An efreet (Volcano)
  3 two-headed ogres
  5 trolls
  Prince Ribbit (D:6)
  9 blink frogs
  A trapdoor spider (Lab)
  A wyvern (D:8)
  A fire bat (Volcano)
  15 wolves
  Eustachio (D:4)
  A tarantella (Lair:3)
  5 yaks (Lair:2)
  3 hippogriffs
  A hungry ghost (D:9)
  Menkaure (D:6)
  8 water moccasins
  5 wargs (Orc:2)
  10 soldier ants (Lair:3)
  Duvessa (D:6)
  7 porcupines
  A sky beast (D:8)
  2 ice beasts
  16 orc warriors
  2 hell hounds (Volcano)
  5 phantoms
  A black bear (D:7)
  11 centaurs
  13 ogres
  4 slaves (D:6)
  5 crocodiles
  9 giant frogs
  4 big kobolds
  A gnoll sergeant (D:9)
  5 scorpions
  Dowan (D:6)
  6 wights
  2 spriggan skeletons (D:9)
  3 hounds
  8 crimson imps
  A centaur zombie (D:5)
  12 orc priests
  6 iguanas
  9 lava snakes (Volcano)
  A giant frog skeleton (D:8)
  Crazy Yiuf (D:7)
  6 centaur skeletons
  21 orc wizards
  A gnoll shaman (D:10)
  29 worker ants
  6 sheep (Lair:3)
  2 human simulacra (D:10)
  A hound zombie (D:5)
  A worker ant zombie (D:6)
  Robin (D:2)
  18 gnolls
  37 river rats
  21 adders
  2 oozes
  An adder skeleton (D:5)
  6 worms
  10 giant geckos
  87 orcs
  4 giant cockroaches (D:3)
  12 hobgoblins
  6 quokkas
  2 ball pythons (Sewer)
  5 bats
  6 giant newts
  20 goblins
  4 jackals (D:9)
  36 kobolds
  A quokka zombie (D:8)
  24 rats
  2 fungi
617 creatures vanquished.

Vanquished Creatures (collateral kills)
  An orc wizard (D:10)
1 creature vanquished.

Vanquished Creatures (others)
  A fungus (Lair:3)
  3 plants (Lair:5)
  5 toadstools (D:1)
9 creatures vanquished.

Grand Total: 627 creatures vanquished

Notes
Turn   | Place    | Note
--------------------------------------------------------------
     0 | D:1      | septik the Minotaur Berserker began the quest for the Orb.
     0 | D:1      | Reached XP level 1. HP: 19/19 MP: 0/0
   106 | D:1      | Reached XP level 2. HP: 18/27 MP: 1/1
   208 | D:1      | Reached skill level 4 in Axes
   426 | D:1      | Found a glowing golden altar of the Shining One.
   666 | D:2      | Found a blossoming altar of Fedhas.
   671 | D:2      | Noticed Robin
   674 | D:2      | Reached ** piety under Trog
   676 | D:2      | Reached XP level 3. HP: 25/33 MP: 2/2
   683 | D:2      | Killed Robin
  1209 | D:2      | Reached XP level 4. HP: 30/40 MP: 3/3
  1322 | D:2      | Reached skill level 5 in Axes
  1765 | D:3      | Noticed a phantom
  1777 | D:3      | Killed a phantom
  1777 | D:3      | Reached XP level 5. HP: 47/47 MP: 4/4
  1855 | D:3      | Found a sacrificial altar of Ru.
  1887 | D:3      | Found a glowing drain.
  1898 | D:3      | Reached *** piety under Trog
  1918 | Sewer    | Entered a sewer
  2154 | Sewer    | Reached XP level 6. HP: 50/55 MP: 5/5
  2289 | Sewer    | Reached **** piety under Trog
  2340 | Sewer    | Reached skill level 6 in Axes
  2508 | Sewer    | Reached skill level 5 in Fighting
  2812 | D:3      | Found a shimmering altar of Xom.
  2815 | D:3      | Found a snail-covered altar of Cheibriados.
  2972 | D:3      | Found a faded altar to an unknown god.
  3288 | D:4      | Reached XP level 7. HP: 61/61 MP: 6/6
  3320 | D:4      | Noticed Eustachio
  3348 | D:4      | Killed Eustachio
  3348 | D:4      | Reached skill level 7 in Axes
  3431 | D:4      | Reached skill level 5 in Armour
  3837 | D:4      | Reached skill level 8 in Axes
  3837 | D:4      | Reached skill level 5 in Dodging
  3837 | D:4      | Reached XP level 8. HP: 48/70 MP: 7/7
  3880 | D:4      | Reached ***** piety under Trog
  4248 | D:5      | Entered Level 5 of the Dungeon
  4419 | D:5      | Found an opulent altar of Gozag.
  4575 | D:5      | Found Dint's Book Shop.
  4608 | D:5      | Reached skill level 9 in Axes
  4842 | D:5      | Noticed septik's ghost (novice NaFi)
  4851 | D:5      | Killed septik's ghost
  4851 | D:5      | Reached XP level 9. HP: 79/79 MP: 8/8
  5101 | D:5      | Found a deep blue altar of Sif Muna.
  5101 | D:5      | Found a shadowy altar of Dithmenos.
  5336 | D:6      | Noticed Prince Ribbit
  5342 | D:6      | Killed Prince Ribbit
  5391 | D:6      | Noticed Pikel
  5398 | D:6      | Reached skill level 10 in Axes
  5410 | D:6      | Killed Pikel
  5479 | D:6      | Noticed Dowan
  5481 | D:6      | Noticed Duvessa
  5488 | D:6      | Killed Dowan
  5490 | D:6      | Killed Duvessa
  5579 | D:6      | Identified a +0 rod of destruction (14/14) (You found it on level 6 of the Dungeon)
  5699 | D:6      | Noticed Menkaure
  5703 | D:6      | Killed Menkaure
  5703 | D:6      | Reached skill level 11 in Axes
  5742 | D:6      | Found a staircase to the Ecumenical Temple.
  5753 | Temple   | Entered the Ecumenical Temple
  5991 | D:7      | Received a gift from Trog
  6162 | D:7      | Killed an unseen horror
  6162 | D:7      | Reached XP level 10. HP: 83/90 MP: 9/9
  6520 | D:7      | Noticed Crazy Yiuf
  6525 | D:7      | Killed Crazy Yiuf
  6525 | D:7      | Reached skill level 12 in Axes
  6944 | D:8      | Noticed puimuR's ghost (novice DsBe)
  6960 | D:8      | Killed puimuR's ghost
  7102 | D:8      | Found a burning altar of Makhleb.
  7226 | D:8      | Noticed a moth of wrath
  7228 | D:8      | Found a bloodstained altar of Trog.
  7337 | D:8      | Gained mutation: Your magical capacity is low (-10% MP). [mutagenic meat]
  7338 | D:8      | Gained mutation: Your body sometimes deteriorates upon taking damage. [mutagenic meat]
  7339 | D:8      | Gained mutation: Your magical capacity is very low (-20% MP). [mutagenic meat]
  7340 | D:8      | Gained mutation: You are resistant to electric shocks. [mutagenic meat]
  7341 | D:8      | Gained mutation: Scrolls take you a little longer to read. [mutagenic meat]
  7342 | D:8      | Lost mutation: Scrolls take you a little longer to read. [mutagenic meat]
  7465 | D:9      | Received a gift from Trog
  7478 | D:9      | Reached ****** piety under Trog
  7919 | D:9      | Found a staircase to the Orcish Mines.
  8037 | Orc:1    | Entered Level 1 of the Orcish Mines
  8047 | Orc:1    | Reached XP level 11. HP: 99/99 MP: 2/7
  8050 | Orc:1    | Reached skill level 13 in Axes
  8100 | Orc:1    | Noticed an orc knight
  8111 | Orc:1    | Killed an orc knight
  8219 | Orc:2    | Found a roughly hewn altar of Beogh.
  8288 | Orc:2    | Reached skill level 10 in Armour
  8292 | Orc:2    | Paralysed by an orc sorcerer for 6 turns
  8298 | Orc:2    | Reached skill level 10 in Fighting
  8359 | Orc:2    | Received a gift from Trog
  9018 | Orc:4    | Entered Level 4 of the Orcish Mines
  9116 | Orc:4    | Reached skill level 14 in Axes
  9695 | D:10     | Entered Level 10 of the Dungeon
  9697 | D:10     | Noticed a hill giant
  9699 | D:10     | Killed a hill giant
  9970 | D:10     | Received a gift from Trog
 10109 | D:10     | Identified a scroll of acquirement
 10112 | D:10     | Got a slimy buckler
 10122 | D:10     | Identified the +0 buckler of Disaster {Int+3} (You acquired it on level 10 of the Dungeon)
 10760 | D:11     | Found a shattered altar of Ashenzari.
 10846 | D:11     | Gained mutation: You are surrounded by a mild repulsion field (EV +2). [mutagenic meat]
 10892 | D:11     | Found a staircase to the Lair.
 10958 | D:11     | Reached XP level 12. HP: 95/108 MP: 8/8
 11096 | Lair:1   | Entered Level 1 of the Lair of Beasts
 11247 | Lair:1   | Reached skill level 10 in Dodging
 11518 | Lair:1   | Reached skill level 15 in Axes
 12270 | Lair:3   | Received a gift from Trog
 12380 | Lair:3   | Found a staircase to the Shoals.
 12424 | Lair:3   | Found a hole to the Spider Nest.
 12807 | Lair:3   | Reached skill level 16 in Axes
 13277 | Shoals:1 | Entered Level 1 of the Shoals
 13360 | Lair:4   | Reached XP level 13. HP: 113/117 MP: 9/9
 13673 | Lair:4   | Received a gift from Trog
 14126 | Lair:5   | Found a labyrinth entrance.
 14139 | Lab      | Entered a labyrinth
 14248 | Lab      | Reached skill level 1 in Evocations
 14254 | Lab      | Identified the Grimoire of Intoxication
 14254 | Lab      | Got a bound tin ring
 14256 | Lab      | Identified a ring "Otiafe" {*Drain Dex+5 Stlth+} (You found it in a labyrinth)
 14263 | Lab      | Identified a +3 rod of ignition (10/10) (You found it in a labyrinth)
 14281 | Lab      | Got a distressingly furry robe
 14292 | Lab      | Identified the +4 robe of Terror {rC+ rN+ MR- Slay+2} (You found it in a labyrinth)
 14357 | Lair:5   | Found a dark tunnel.
 14372 | Volcano  | Entered a volcano
 14533 | Volcano  | Found a radiant altar of Vehumet.
 15297 | Lair:5   | HP: 7/177 [death yak (18)]
 15306 | Lair:5   | HP: 7/177 [death yak (4)]
 15306 | Lair:5   | HP: 2/177 [death yak (5)]
 15307 | Lair:5   | Slain by a death yak

Action                   |  1- 3 |  4- 6 |  7- 9 | 10-12 | 13-15 || total
-------------------------+-------+-------+-------+-------+-------++-------
Melee: Hand axe          |    56 |   148 |   190 |    78 |       ||   472
       Battleaxe         |       |       |       |   319 |   131 ||   450
       Executioner's axe |       |       |       |   193 |       ||   193
Invok: Berserk           |     1 |     3 |     6 |     7 |     2 ||    19
       Trog's Hand       |       |       |       |     2 |     1 ||     3
Evoke: Wand              |       |       |       |     6 |     1 ||     7
  Use: Scroll            |       |     6 |       |    21 |     6 ||    33
       Potion            |       |       |       |       |     2 ||     2
 Stab: Sleeping          |       |     1 |       |       |       ||     1
       Distracted        |       |       |       |       |     1 ||     1
  Eat: Chunk             |     2 |     8 |    14 |    39 |     6 ||    69
       Beef jerky        |       |       |     2 |       |       ||     2
       Fruit             |       |       |       |       |     1 ||     1
